Map: Terrasses de Prion

Players

BastardProd - Winner!

  • Race: Terran Terran
  • League: Diamond

Worming

  • Race: Zerg Zerg
  • League: Diamond

VOD

Have the link to the VOD?

Description

Time

  • Played on: Nov. 15, 2015, 2:36 p.m.
  • Length: 17:27
Show
View Real Time Build Order
Export as new Build Order

BastardProd Terran - Winner!

Build Orders: Hellion Banshee, Mech 

Get SALT Encoding   

  12  0:01  SCV  
  13  0:13  SCV  
  14  0:18  Supply Depot  
  14  0:25  SCV  
  15  0:40  SCV  
  15  0:41  Barracks  
  16  0:52  SCV  
  17  1:04  SCV  
  18  1:16  SCV  
  19  1:29  Marine  
  19  1:30  Orbital Command  
  20  1:33  Command Center  
  20  1:42  Supply Depot  
  20  1:46  Marine  
  20  1:49  Refinery  
  21  1:56  Refinery, SCV  
  22  2:04  Marine  
  23  2:13  SCV  
  24  2:22  Marine  
  25  2:25  SCV  
  26  2:37  SCV  
  27  2:53  Orbital Command  
  27  2:56  Factory  
  27  3:01  Barracks Reactor  
  27  3:30  Orbital Command  
  27  3:36  Command Center  
  27  3:51  Starport  
  27  3:53  Starport, SCV  
  28  3:56  Hellion x2  
  28  3:57  SCV  
  33  4:05  SCV  
  33  4:09  SCV  
  35  4:10  Supply Depot  
  35  4:17  SCV  
  35  4:18  Hellion x2  
  35  4:21  SCV  
  41  4:29  SCV  
  42  4:32  Starport Tech Lab x2  
  42  4:33  SCV  
  42  4:34  Supply Depot  
  43  4:39  Hellion x2  
  43  4:45  SCV x2  
  49  4:51  Banshee x2, Supply Depot  
  55  4:53  Orbital Command  
  55  4:58  Supply Depot  
  55  5:00  SCV x2  
  57  5:12  Cloaking Field  
  57  5:14  SCV x2  
  58  5:16  Refinery  
  58  5:17  Refinery  
  59  5:21  Supply Depot  
  59  5:22  Supply Depot  
  59  5:34  Banshee  
  59  5:35  Banshee  
  65  6:06  Hellion x2  
  65  6:07  Factory x2  
  65  6:08  SCV x2  
  71  6:12  Supply Depot  
  71  6:13  Supply Depot  
  71  6:17  Banshee x2  
  75  6:46  SCV  
  75  6:47  SCV x2  
  78  6:48  Liberator x2  
  78  6:58  SCV  
  78  6:59  SCV x2  
  75  7:07  Factory Tech Lab  
  75  7:08  Factory Tech Lab  
  75  7:31  Liberator x2  
  75  7:51  Siege Tank  
  75  7:52  Hellion, Siege Tank  
  75  7:53  Hellion  
  82  8:14  Liberator x2, Hellion x2  
  82  8:16  Supply Depot  
  82  8:19  Supply Depot  
  86  8:24  Siege Tank  
  86  8:25  Hellion  
  97  8:35  Hellion x2  
  101  8:42  Engineering Bay  
  101  8:45  Orbital Command  
  101  8:48  Armory  
  101  8:50  Armory  
  98  9:04  Siege Tank x2  
  98  9:05  Hellion x2  
  98  9:08  SCV x2  
  110  9:20  SCV x2  
  110  9:22  Refinery x2  
  112  9:29  Hellion x2  
  116  9:35  Supply Depot  
  116  9:38  Supply Depot, SCV x2  
  116  9:39  SCV  
  116  9:40  Supply Depot x2  
  116  9:42  Siege Tank  
  116  9:43  Siege Tank  
  125  9:50  Hellion, SCV  
  125  9:51  Hellion, SCV x2  
  132  9:54  Terran Vehicle Weapons Level 1, Terran Vehicle And Ship Armor Level 1  
  126  10:03  SCV x3  
  129  10:12  Hellion  
  131  10:15  Hellion, Siege Tank x2  
  139  10:25  Factory  
  139  10:28  Factory  
  139  10:30  Supply Depot x2  
  139  10:33  Hellion  
  133  10:48  Siege Tank x2  
  133  10:49  Hellion  
  141  10:54  Hellion  
  143  11:10  Hellion  
  141  11:16  Hellion  
  143  11:20  Siege Tank x2  
  144  11:32  Hellion  
  146  11:37  Hellion  
  142  11:51  Factory Tech Lab  
  142  11:52  Factory Tech Lab, Siege Tank  
  142  11:53  Hellion, Siege Tank  
  150  11:59  Medivac x2, Hellion  
  156  12:04  Terran Vehicle Weapons Level 2  
  156  12:14  Hellion  
  156  12:15  Command Center, SCV x3  
  161  12:17  Command Center  
  161  12:20  Hellion  
  163  12:24  Siege Tank  
  163  12:25  Siege Tank  
  163  12:27  SCV x3  
  163  12:29  Banshee  
  173  12:36  Hellion  
  173  12:41  Hellion  
  173  12:43  Thor  
  178  12:52  Viking  
  180  13:11  Hellion  
  180  13:13  Thor, Viking  
  180  13:14  Thor, Siege Tank  
  181  13:29  Thor, Viking  
  171  13:42  Viking  
  171  13:46  Thor  
  174  13:56  Thor  
  174  13:57  Thor  
  174  13:59  Viking  
  185  14:12  Refinery x2, Viking  
  187  14:29  Viking  
  193  14:38  Hellion x3  
  195  14:54  Viking  
  195  14:59  Viking  
  193  15:00  Hellion x2  
  189  15:13  Starport  
  189  15:14  Starport  
  189  15:19  Terran Ship Weapons Level 1  
  187  15:21  Hellion x2  
  187  15:24  Viking  
  163  15:45  Viking  
  162  15:54  Viking  
  160  16:15  Viking  
  160  16:17  Viking  
  160  16:18  Viking  
  162  16:24  Viking  
  164  16:26  Planetary Fortress  
  164  16:31  Missile Turret  
  164  16:35  Missile Turret  
  164  16:36  Missile Turret  
  164  16:37  Missile Turret  
  164  16:45  Viking  
  166  16:48  Orbital Command  
  165  16:56  Viking x2  
  158  17:03  Refinery  
  154  17:10  Refinery  
Show
View Real Time Build Order
Export as new Build Order

Worming Zerg 

Build Orders: Hatch First 

Get SALT Encoding   

  12  0:01  Drone  
  13  0:12  Overlord  
  13  0:17  Drone  
  14  0:30  Drone x2  
  16  0:41  Drone  
  17  0:53  Hatchery  
  17  0:56  Drone  
  17  0:59  Drone  
  18  1:13  Spawning Pool  
  18  1:16  Drone  
  18  1:28  Extractor  
  18  1:32  Drone x2  
  19  1:44  Drone  
  20  1:50  Overlord  
  20  2:02  Queen  
  20  2:06  Queen  
  20  2:07  Zergling x4  
  26  2:11  Drone  
  27  2:17  Drone  
  28  2:29  Drone x2  
  30  2:41  Metabolic Boost  
  30  2:47  Hatchery  
  30  2:49  Overlord  
  30  2:51  Overlord  
  29  3:02  Spine Crawler  
  27  3:19  Drone x9  
  35  3:25  Baneling Nest  
  34  3:36  Zergling x4  
  36  3:45  Roach Warren  
  35  3:49  Zergling x2  
  35  3:50  Zergling x4  
  35  3:51  Drone x3  
  41  3:57  Overlord  
  41  4:09  Extractor  
  40  4:11  Extractor  
  39  4:20  Lair  
  39  4:22  Drone x3  
  39  4:23  Drone x3  
  46  4:24  Drone x4  
  49  4:37  Roach  
  49  4:38  Roach x3  
  57  4:43  Drone  
  57  4:44  Overlord  
  57  4:45  Overlord  
  58  5:02  Queen  
  58  5:03  Drone x7  
  58  5:04  Drone x3  
  58  5:07  Extractor  
  69  5:08  Extractor  
  69  5:11  Roach x2  
  71  5:18  Ravager  
  71  5:19  Ravager  
  73  5:21  Overlord  
  73  5:22  Overlord  
  69  5:29  Roach x2  
  69  5:34  Overlord  
  73  5:35  Glial Reconstitution  
  73  5:41  Drone x3  
  73  5:42  Drone x3  
  79  5:43  Drone x2  
  79  5:47  Extractor  
  80  5:54  Roach x3  
  86  6:03  Drone x2  
  88  6:17  Hatchery  
  87  6:23  Roach x3  
  93  6:31  Spire  
  87  6:34  Spore Crawler  
  87  6:36  Spore Crawler  
  87  6:37  Spore Crawler  
  87  6:39  Spore Crawler x2  
  78  6:42  Queen x2  
  78  6:43  Queen  
  78  6:44  Drone x2  
  78  6:45  Drone x3  
  78  6:46  Drone x3  
  88  6:47  Spore Crawler  
  88  6:48  Spore Crawler  
  81  7:09  Drone  
  81  7:15  Overseer  
  82  7:17  Overseer  
  82  7:18  Overseer  
  77  7:41  Queen  
  77  7:42  Queen  
  59  8:06  Drone x10  
  64  8:13  Drone  
  64  8:14  Drone x6, Hydralisk Den  
  64  8:17  Queen  
  72  8:20  Spore Crawler  
  68  8:30  Spore Crawler  
  68  8:32  Spore Crawler  
  66  8:34  Spore Crawler  
  66  8:35  Spore Crawler  
  66  8:36  Spore Crawler  
  66  8:37  Spore Crawler  
  62  8:53  Queen x2  
  62  8:54  Hatchery x2  
  62  9:04  Extractor  
  62  9:05  Extractor  
  62  9:08  Drone x3  
  62  9:09  Drone x3  
  66  9:11  Drone x3  
  66  9:13  Drone x4  
  66  9:14  Drone x2  
  66  9:16  Muscular Augments  
  75  9:24  Hydralisk x2  
  79  9:36  Hydralisk x3  
  79  9:37  Hydralisk  
  87  9:38  Zergling x2  
  87  9:39  Zergling x2  
  87  9:42  Zerg Flyer Weapons Level 1  
  87  9:43  Hydralisk  
  91  9:47  Drone x3  
  91  9:49  Evolution Chamber, Hydralisk x3  
  91  9:50  Evolution Chamber  
  98  9:54  Overseer  
  98  9:55  Pneumatized Carapace  
  98  10:00  Overlord  
  98  10:01  Overlord x2  
  98  10:05  Overlord  
  98  10:06  Overlord x3  
  100  10:14  Drone x4  
  100  10:15  Infestation Pit  
  100  10:17  Zerg Missile Weapons Level 1, Zerg Ground Armor Level 1  
  100  10:19  Drone x2  
  100  10:20  Drone x4  
  106  10:24  Drone  
  106  10:27  Drone  
  108  10:31  Drone  
  97  10:48  Overlord x3  
  97  10:49  Overlord  
  89  10:51  Pathogen Glands  
  89  10:53  Hive  
  89  10:59  Drone x4  
  89  11:00  Roach  
  89  11:01  Roach x13  
  89  11:02  Overlord x2  
  121  11:12  Corruptor x2  
  121  11:15  Corruptor  
  121  11:16  Extractor  
  121  11:17  Infestor  
  128  11:20  Extractor  
  121  11:25  Corruptor  
  100  11:47  Corruptor x3, Neural Parasite  
  104  11:59  Infestor x4  
  112  12:02  Roach x5  
  112  12:03  Roach x3  
  112  12:04  Infestor  
  112  12:06  Infestor  
  132  12:22  Corruptor x2  
  132  12:23  Corruptor x2  
  132  12:26  Viper x2  
  142  12:55  Hydralisk  
  142  12:56  Roach x3, Hydralisk x2  
  142  12:57  Roach  
  156  12:59  Greater Spire  
  156  13:01  Zerg Missile Weapons Level 2, Zerg Ground Armor Level 2  
  144  13:19  Roach  
  137  13:20  Roach x4  
  133  13:38  Roach  
  133  13:39  Roach x10  
  114  14:04  Hatchery  
  113  14:11  Brood Lord x5  
  113  14:12  Brood Lord  
  113  14:13  Roach x2  
  129  14:23  Corruptor  
  97  14:56  Roach  
  97  14:57  Roach x8  
  99  15:29  Hydralisk  
  99  15:30  Hydralisk  
  84  16:10  Hydralisk x2  
  84  16:11  Roach x3  
  85  16:20  Infestor  
  87  16:29  Infestor x2  
  91  16:57  Hydralisk x2  
  91  16:58  Hydralisk x3  
Tags
 
Add a new tag
Caveats
  • Supply blocks, unpowered buildings, or Contaminate may cause inaccurate times.
  • Supply counts are checked every 10 seconds.